 Dungeon Sprint DCSS version 0.24.1-4-ge52af88ad5 (webtiles) character file.

Game seed: 11761586196245653988, levelgen mode: deterministic

7415 Groucho the Unseen (level 10, -3/56 HPs)
             Began as a Felid Monk on Apr 18, 2020.
             Was a Follower of Uskayaw.
             Slain by Aizul (20 damage)
             ... in the Dungeon (Sprint IX: "|||||||||||||||||||||||||||||").
             The game lasted 00:07:54 (5096 turns).

Groucho the Unseen (Felid Monk)                     Turns: 5096, Time: 00:07:55

Health: -3/56      AC:  2    Str:  7    XL:     10   Next: 93%
Magic:  20/20      EV: 37    Int: 11    God:    Uskayaw [*.....]
Gold:   1266       SH:  0    Dex: 26    Spells: 9/9 levels left
                                        Lives:  0   Deaths: 2

rFire    + . .     SeeInvis +     - Unarmed
rCold    . . .     Gourm    .   (shield unavailable)
rNeg     . . .     Faith    .   (armour unavailable)
rPois    .         Spirit   .   (helmet unavailable)
rElec    .         Reflect  .   (cloak unavailable)
rCorr    .         Harm     .   (gloves unavailable)
MR       +....     NoTele   +   (boots unavailable)
Stlth    ++++++++..             (no amulet)
HPRegen  0.18/turn              k - +3 ring of dexterity
MPRegen  0.17/turn              p - ring of protection from fire

@: quick
A: very small, no armour, no weapons or thrown items, stealth, claws 1, fangs 3,
see invisible, carnivore, speed 1, shaggy fur 2, slow metabolism 1, sharp paws
a: Stomp, Renounce Religion


You were in the Dungeon.
You worshipped Uskayaw.
Uskayaw was pleased with you.
You were not hungry.

You visited 1 branch You collected 1266 gold pieces.

Inventory:

Jewellery
 c - an uncursed ring of protection from magic
 k - a +3 ring of dexterity (left paw)
 l - a +2 ring of protection
 p - a ring of protection from fire (right paw)
Wands
 d - a wand of paralysis (7)
 j - a wand of iceblast (10)
Scrolls
 g - 5 scrolls of blinking
 h - 5 scrolls of remove curse
 i - 2 scrolls of amnesia
 n - 3 scrolls of identify
 o - 2 scrolls of fear
Potions
 b - 5 potions of curing
 e - 4 potions of magic
 f - a potion of resistance
 m - 3 potions of berserk rage
 q - 2 potions of heal wounds
 r - a potion of might
Comestibles
 a - 12 rations


   Skills:
 + Level 14.2 Fighting
 + Level 17.8 Dodging
 + Level 18.9 Stealth
 + Level 14.3 Unarmed Combat
 + Level 13.2 Invocations


You had 9 spell levels left.
You didn't know any spells.
Your spell library was empty.

Dungeon Overview and Level Annotations

Branches:
Dungeon (1/1)

Altars:
Cheibriados
Dithmenos
Elyvilon
Fedhas
Gozag
Hepliaklqana
Kikubaaqudgha
Makhleb
Nemelex Xobeh
Okawaru
Qazlal
Ru
Sif Muna
Trog
Uskayaw
Vehumet
Wu Jian
Xom
Yredelemnul
Zin
The Shining One
Beogh
Jiyva
Lugonu

Shops:
D :

Annotations:
D Aizul


Innate Abilities, Weirdness & Mutations

You cannot wear armour.
You are incapable of wielding weapons or throwing items.
Your paws allow you to move quietly. (Stealth)
You have sharp claws.
You have razor-sharp teeth.
You have supernaturally acute eyesight. (SInv)
You are carnivorous and can eat meat at any time.
You cover ground quickly.
You are covered in thick fur. (AC +2)
You have a slow metabolism.
Your sharp claws are effective at attacking unaware monsters.


Message History

The purple very ugly thing basks in the mutagenic energy from its kin and changes!
You can no longer merge with and destroy a victim.
The fire dragon breathes flames at you. The blast of flame misses you.
The fire dragon breathes flames at you. The blast of flame misses you.
You can no longer pass through a line of other dancers.
Items here: ( ) [ † a +3 longbow of flaming; 18 arrows; a +0 centaur barding the centaur corpse of Nessos Aizul the Neglectful Guardian comes into view.
Aizul shouts!
Aizul hisses menacingly.
Aizul closely misses you.
You closely miss Aizul. Your claw misses Aizul.
You bite Aizul, but do no damage. Aizul hits you.
You scratch Aizul.
Aizul is lightly wounded.
Aizul hits you!!
You die...

▓▓▓▓▓▓▓▓▓▓▓▓▓▓▓▓▓▓▓▓▓▓▓▓
......S@................
▓▓▓▓▓▓▓▓▓▓▓▓♣♣♣♣♣♣♣♣♣♣▓▓
▓▓▓▓▓▓▓▓▓▓ ..JWDoL†.)
▓▓▓▓▓▓▓▓▓▓


You could see Aizul.

Vanquished Creatures
  A stone giant (D)
  Nessos (D)
  2 dire elephants (D)
  An ettin (D)
  A yaktaur captain (D)
  A spriggan air mage (D)
  A centaur warrior (D)
  A death yak (D)
  An ogre mage (D)
  Urug (D)
  Sonja (D)
  An unseen horror (D)
  A deep elf mage (D)
  2 ugly things (D)
  6 elephants (D)
  A rime drake (D)
  4 komodo dragons (D)
  A troll (D)
  A hippogriff (shapeshifter) (D)
  2 yaks (D)
  A yak (shapeshifter) (D)
  4 water moccasins (D)
  8 orc warriors (D)
  3 porcupines (D)
  An ogre (D)
  An eye of draining (D)
  A centaur (D)
  3 crocodiles (D)
  3 bullfrogs (D)
  A howler monkey (D)
  2 crimson imps (D)
  2 orc priests (D)
  5 orc wizards (D)
  An iguana (D)
  An adder (D)
  2 shadow imps (D)
  An ooze (D)
  An adder zombie (D)
  A dart slug (D)
  9 orcs (D)
  A ball python (D)
  A bat skeleton (D)
  A giant cockroach (D)
  A hobgoblin (D)
  A bat (D)
87 creatures vanquished.

Notes
Turn   | Place    | Note
-------+----------+-------------------------------------------
     0 | D        | Groucho the Felid Monk began the quest for the Orb.
     0 | D        | Reached XP level 1. HP: 10/10 MP: 2/2
     6 | D        | Reached skill level 3 in Stealth
   340 | D        | Noticed a howler monkey
   340 | D        | Noticed an ogre
   346 | D        | Killed an ogre
   346 | D        | Reached skill level 5 in Fighting
   346 | D        | Reached skill level 6 in Stealth
   346 | D        | Reached skill level 5 in Unarmed Combat
   346 | D        | Reached XP level 2. HP: 16/16 MP: 3/3
   346 | D        | Reached XP level 3. HP: 19/19 MP: 4/4
   346 | D        | Reached XP level 4. HP: 23/23 MP: 5/5
   348 | D        | Reached skill level 7 in Stealth
   349 | D        | Reached XP level 5. HP: 27/27 MP: 6/6
   704 | D        | Found a roughly hewn altar of Beogh.
   704 | D        | Found a snail-covered altar of Cheibriados.
   704 | D        | Found a shadowy altar of Dithmenos.
   704 | D        | Found a white marble altar of Elyvilon.
   704 | D        | Found a blossoming altar of Fedhas.
   704 | D        | Found an opulent altar of Gozag.
   705 | D        | Found a hazy altar of Hepliaklqana.
   706 | D        | Found a viscous altar of Jiyva.
   707 | D        | Found an ancient bone altar of Kikubaaqudgha.
   708 | D        | Found a corrupted altar of Lugonu.
   709 | D        | Found a burning altar of Makhleb.
   710 | D        | Found a sparkling altar of Nemelex Xobeh.
   711 | D        | Found an iron altar of Okawaru.
   712 | D        | Found a stormy altar of Qazlal.
   713 | D        | Found a sacrificial altar of Ru.
   714 | D        | Found a shimmering blue altar of Sif Muna.
   715 | D        | Found a bloodstained altar of Trog.
   716 | D        | Found a hide-covered altar of Uskayaw.
   717 | D        | Found a radiant altar of Vehumet.
   718 | D        | Found an ornate altar of the Wu Jian Council.
   719 | D        | Found a shimmering altar of Xom.
   720 | D        | Found a basalt altar of Yredelemnul.
   721 | D        | Found a glowing silver altar of Zin.
   722 | D        | Found a glowing golden altar of the Shining One.
   724 | D        | Became a worshipper of Uskayaw the Reveler
   724 | D        | Reached * piety under Uskayaw
   751 | D        | Noticed a centaur
   751 | D        | Noticed an unseen horror
   755 | D        | Reached skill level 8 in Stealth
   755 | D        | Reached ** piety under Uskayaw
   757 | D        | Reached *** piety under Uskayaw
   759 | D        | Killed an unseen horror
   759 | D        | Reached skill level 10 in Dodging
   759 | D        | Reached skill level 11 in Stealth
   759 | D        | Reached skill level 5 in Invocations
   759 | D        | Gained mutation: You are covered in thick fur. (AC +2)
                  | [Felid growth]
   759 | D        | Reached XP level 6. HP: 20/34 MP: 6/11
   759 | D        | Reached XP level 7. HP: 22/37 MP: 6/12
   759 | D        | Reached **** piety under Uskayaw
   766 | D        | Reached ***** piety under Uskayaw
   768 | D        | Noticed a troll
   768 | D        | Noticed a purple ugly thing
   768 | D        | Noticed a komodo dragon
   768 | D        | Noticed a deep elf mage
   768 | D        | Noticed a brown ugly thing
   770 | D        | Killed a brown ugly thing
   770 | D        | Reached skill level 12 in Stealth
   770 | D        | Reached XP level 8. HP: 26/42 MP: 7/14
   772 | D        | Killed a deep elf mage
   774 | D        | Killed a komodo dragon
   774 | D        | Reached skill level 13 in Stealth
   774 | D        | Reached ****** piety under Uskayaw
   776 | D        | Killed a purple ugly thing
   776 | D        | Reached skill level 10 in Fighting
   776 | D        | Reached skill level 10 in Unarmed Combat
   776 | D        | Reached XP level 9. HP: 29/46 MP: 7/16
   778 | D        | Killed a troll
   824 | D        | Noticed Sonja
   831 | D        | Killed Sonja
   831 | D        | Reached skill level 14 in Stealth
  1008 | D        | Noticed a komodo dragon
  1008 | D        | Noticed a komodo dragon
  1014 | D        | Killed a komodo dragon
  1016 | D        | Killed a komodo dragon
  1018 | D        | Reached XP level 10. HP: 52/52 MP: 16/18
  1024 | D        | Reached skill level 15 in Stealth
  1031 | D        | Noticed a death yak
  1041 | D        | Reached skill level 10 in Invocations
  1582 | D        | Killed a death yak
  1586 | D        | Noticed a dire elephant
  1586 | D        | Noticed an elephant
  1586 | D        | Noticed an elephant
  1586 | D        | Noticed an elephant
  1586 | D        | Noticed a dire elephant
  1586 | D        | Noticed an elephant
  1587 | D        | Noticed an elephant
  1589 | D        | Killed an elephant
  1589 | D        | Reached skill level 15 in Dodging
  2046 | D        | Killed an elephant
  2046 | D        | Reached skill level 16 in Stealth
  2050 | D        | Killed an elephant
  2052 | D        | Killed an elephant
  2662 | D        | Killed a dire elephant
  2662 | D        | Reached XP level 11. HP: 31/57 MP: 20/20
  2666 | D        | Killed a dire elephant
  3671 | D        | Reached skill level 17 in Stealth
  3782 | D        | Noticed Urug
  3808 | D        | HP: 2/58 [Urug/+2 long sword of slicing (2)]
  3810 | D        | Killed Urug
  4356 | D        | Noticed a stone giant
  4370 | D        | Killed a stone giant
  4816 | D        | Found Hotu's Book Boutique.
  4816 | D        | Noticed an orc knight
  4816 | D        | Noticed an orc high priest
  4816 | D        | Noticed an orc high priest
  4816 | D        | Noticed an orc knight
  4816 | D        | Noticed an orc high priest
  4817 | D        | Noticed an orc high priest
  4819 | D        | Noticed a sun demon
  4819 | D        | Noticed an orc high priest
  4823 | D        | HP: 2/58 [sun demon[an orc high priest] (13)]
  4823 | D        | Mangled by a sun demon
  4824 | D        | Reached XP level 10. HP: -7/55 MP: 20/20
  4909 | D        | Noticed an orc knight
  4909 | D        | Noticed a centaur warrior
  4920 | D        | Killed a centaur warrior
  4920 | D        | Reached skill level 18 in Stealth
  4924 | D        | Noticed a lich
  4927 | D        | Noticed an ice dragon
  4937 | D        | Blown up by a lich
  4938 | D        | Reached XP level 9. HP: -20/51 MP: 4/19
  4938 | D        | Noticed Nessos
  4945 | D        | Killed Nessos
  4945 | D        | Reached XP level 10. HP: 55/55 MP: 20/20
  4993 | D        | Noticed a spriggan air mage
  4993 | D        | Noticed a frost giant
  4993 | D        | Noticed a fire dragon
  4993 | D        | Noticed an ogre mage
  4993 | D        | Noticed an ettin
  4994 | D        | Noticed a yaktaur captain
  4995 | D        | Killed an ettin
  4996 | D        | Noticed a red very ugly thing
  4999 | D        | Killed an ogre mage
  5000 | D        | Noticed a purple very ugly thing
  5003 | D        | Noticed a fire giant
  5008 | D        | Noticed an ice dragon
  5010 | D        | Killed a yaktaur captain
  5012 | D        | Killed a spriggan air mage
  5012 | D        | Noticed a yaktaur captain
  5089 | D        | Noticed Aizul
  5096 | D        | Slain by Aizul

Levels and vault maps discovered:
D:        linesprint [early_d, line_temple, items_1, d_10, items_2, lair_1,
          lair_end, items_3, orc_1, orc_end, items_4, d_15, swamp_1, shoals_1,
          snake_1, spider_1, d_20, vaults_1, items_5, swamp_end, shoals_end,
          snake_end, spider_end, vaults_end, d_27, items_6, zot_1, zot_end,
          crypt_end, forest_end, elf_end, slime_end, tomb_end, abyss_end,
          pan_hell_end]

Skill      XL: |  1  2  3  4  5  6  7  8  9 10 11 |
---------------+----------------------------------+-----
Stealth        | 6 7 11 12 13 14 18 17 | 18.9
Fighting       | 5 8 9 10 11 14 13 | 14.2
Dodging        | 7 10 11 12 14 17 16 | 17.8
Unarmed Combat | 5 8 9 10 11 14 13 | 14.3
Invocations    | 5 6 8 9 13 12 | 13.2

Action                   |  1- 3 |  4- 6 |  7- 9 | 10-12 || total
-------------------------+-------+-------+-------+-------++-------
Melee: Unarmed           |    18 |    13 |    16 |   214 ||   261
       Bite              |     2 |       |     2 |    30 ||    34
       Punch             |       |     1 |       |    19 ||    20
Invok: Line Pass         |       |       |       |     9 ||     9
       Stomp             |       |       |       |     2 ||     2
  Use: Potion            |     1 |     2 |       |     4 ||     7
 Stab: Sleeping          |     1 |     2 |    12 |     6 ||    21
       Paralysed         |       |     1 |       |    19 ||    20
       Invisible         |       |       |     1 |       ||     1
       Confused          |       |       |       |     5 ||     5
       Distracted        |       |       |       |     2 ||     2
  Eat: Chunk             |       |       |     7 |     9 ||    16
Armor: Skin              |     1 |     1 |       |     3 ||     5
Dodge: Dodged            |    10 |     5 |     4 |   158 ||   177
